 Dungeon Crawl Stone Soup version 0.29.0-11-gd7f09526c8 (webtiles) character file.

Game seed: 929837493011904987

4693 greasedhog the Grappler (level 10, -3/97 (100) HPs)
             Began as a Troll Fighter on Sept 4, 2022.
             Slain by a yak (7 damage)
             ... on level 7 of the Dungeon.
             The game lasted 00:12:54 (6387 turns).

greasedhog the Grappler (Troll Fighter)             Turns: 6387, Time: 00:12:54

HP:   -3/97 (100)   AC:  5    Str: 26    XL:     10   Next: 21%
MP:   9/9           EV:  9    Int:  8    God:
Gold: 429           SH:  9    Dex:  9    Spells: 9/9 levels left

rFire   . . .      SeeInvis .     - Unarmed
rCold   + . .      Faith    .   b - +0 kite shield
rNeg    . . .      Spirit   .   a - +0 robe
rPois   .          Reflect  .   (helmet restricted)
rElec   .          Harm     .   g - +0 cloak
rCorr   +          Rampage  .   (gloves unavailable)
Will    .....                   (boots unavailable)
Stlth   +.........              (no amulet)
HPRegen 1.06/turn               f - ring of protection from cold
MPRegen 0.11/turn               w - ring of resist corrosion

@: mighty, on berserk cooldown, slowed, lightly drained, invisible, very slow
A: large, unfitting armour, claws 3, regeneration 1, shaggy fur 1, tough skin 1
a: no special abilities


You were on level 7 of the Dungeon.
You visited 2 branches of the dungeon, and saw 9 of its levels.
You also visited: Sewer.

You collected 483 gold pieces.
You spent 54 gold pieces at shops.

Inventory:

Missiles
 r - 5 throwing nets (quivered)
Armour
 a - a +0 robe (worn)
 b - a +0 kite shield (worn)
 g - a +0 cloak (worn)
Jewellery
 f - a ring of protection from cold (left claw)
 q - a +6 ring of dexterity
 w - a ring of resist corrosion (right claw)
 y - a ring of protection from cold
Wands
 o - a wand of iceblast (7)
 z - a wand of digging (6)
Scrolls
 c - 2 scrolls of fog
 h - 2 scrolls of poison
 j - 7 scrolls of teleportation
 k - 2 scrolls of silence
 l - 2 scrolls of enchant weapon
 s - a scroll of fear
Potions
 d - a potion of attraction {unknown}
 i - 6 potions of flight
 m - a potion of magic {unknown}
 n - a potion of invisibility
 p - 2 potions of mutation {unknown}
 t - 2 potions of brilliance {unknown}
 u - a potion of heal wounds {unknown}
 v - a potion of ambrosia {unknown}
 A - a potion of haste {unknown}
 B - a potion of berserk rage


   Skills:
 + Level 6.5 Fighting
 + Level 4.2 Dodging
 + Level 7.1 Shields
 * Level 10.4 Unarmed Combat


You had 9 spell levels left.
You didn't know any spells.
Your spell library contained the following spells:

 Spells                   Type           Power      Damage    Failure   Level
 Apportation              Tloc           0%         N/A       65%         1
 Necrotise                Necr           0%         1d4       65%         1
 Slow                     Hex            0%         N/A       65%         1
 Summon Small Mammal      Summ           0%         N/A       65%         1
 Confusing Touch          Hex            0%         N/A       95%         3
 Vampiric Draining        Necr           0%         2d6       95%         3


Dungeon Overview and Level Annotations

Branches:
Dungeon (8/15)             Temple (1/1) D:6           Sewer (visited)
   Lair: D:8-11

Altars:
Ashenzari
Cheibriados
Dithmenos
Elyvilon
Fedhas
Gozag
Hepliaklqana
Kikubaaqudgha
Makhleb
Nemelex Xobeh
Okawaru
Qazlal
Ru
Sif Muna
Trog
Uskayaw
Vehumet
Xom
Yredelemnul
Zin
The Shining One

Shops:
D:4 (*


Innate Abilities, Weirdness & Mutations

You are too large for most types of armour.
You have claws for hands.
Your natural rate of healing is unusually fast.
You are covered in fur. (AC +1)
You have tough skin. (AC +1)


Message History

You block the yak's attack. x2
You claw the yak!
The yak is almost dead.
The yak gores you!
* * * LOW HITPOINT WARNING * * *
You mangle the yak!!
You kill the yak!
You feel better. The necrophage hits you.
* * * LOW HITPOINT WARNING * * *
You feel drained.
The necrophage hits you but does no damage.
You claw the necrophage!
The necrophage is heavily damaged.
The necrophage hits you.
* * * LOW HITPOINT WARNING * * *
You feel drained.
You barely miss the necrophage.
The necrophage is heavily damaged.
The necrophage hits you.
* * * LOW HITPOINT WARNING * * *
The necrophage hits you.
* * * LOW HITPOINT WARNING * * *
You feel drained.
* * * LOW HITPOINT WARNING * * *
You barely miss the necrophage.
The necrophage is heavily damaged.
The necrophage closely misses you.
You mangle the necrophage!!
You destroy the necrophage!
You claw the yak!
The yak is moderately wounded.
The yak gores you!
* * * LOW HITPOINT WARNING * * *
The yak gores you!
* * * LOW HITPOINT WARNING * * *
It was a potion of invisibility.
You fade into invisibility!
The yak barely misses you. The yak gores you!
You die...

###### .....##
....... .....#
.....# .....#.
####.......
#####.Y).......
###...#@######?..
##########.⌠.⌠.....#
............_......#
###########⌠.⌠.....#
## ##.......# .###
##......# ...##
######.###### ##..#
#####...........#
.##.## #..
#.####.####.#


You could see a yak (unable to see you).

Vanquished Creatures
  Grinder (D:4)
  Sigmund (D:2)
  5 yaks (D:7)
  2 wyverns (D:8)
  Eustachio (D:5)
  Edmund (D:4)
  Menkaure (D:4)
  Duvessa (D:5)
  3 water moccasins
  An orc warrior (D:8)
  3 sky beasts
  2 black bears (D:5)
  An ice beast (D:7)
  A phantom (D:6)
  Blork the orc (D:5)
  2 necrophages (D:7)
  A bullfrog (D:8)
  2 gnoll sergeants
  2 scorpions (D:5)
  Dowan (D:5)
  5 wights (D:4)
  3 killer bees (D:7)
  5 jellies
  2 orc priests
  A gnoll bouda (D:8)
  5 iguanas
  Natasha (twice) (D:2)
  2 orc wizards
  Terence (D:2)
  A merfolk siren (Sewer)
  A merfolk avatar (Sewer)
  7 adders
  11 gnolls
  3 river rats (Sewer)
  2 white imps
  An ufetubus (D:6)
  4 worms
  3 dart slugs
  11 orcs
  10 ball pythons
  6 endoplasms
  6 giant cockroaches
  9 goblins
  9 hobgoblins
  3 quokkas
  4 bats
  13 frilled lizards
  3 kobolds
  29 rats
195 creatures vanquished.

Notes
Turn   | Place    | Note
-------+----------+-------------------------------------------
     0 | D:1      | greasedhog the Troll Fighter began the quest for the Orb.
     0 | D:1      | Reached XP level 1. HP: 22/22 MP: 0/0
   225 | D:1      | Reached XP level 2. HP: 29/29 MP: 1/1
   711 | D:2      | Noticed Sigmund
   721 | D:2      | Killed Sigmund
   722 | D:2      | Reached skill level 4 in Unarmed Combat
   722 | D:2      | Reached XP level 3. HP: 37/37 MP: 2/2
   722 | D:2      | Reached XP level 4. HP: 45/45 MP: 3/3
   722 | D:2      | Reached XP level 5. HP: 53/53 MP: 4/4
   901 | D:2      | Noticed Natasha
   907 | D:2      | Killed Natasha
   920 | D:2      | Found a blossoming altar of Fedhas.
  1225 | D:2      | Noticed Natasha
  1232 | D:2      | Killed Natasha
  1285 | D:2      | Noticed Terence
  1293 | D:2      | Killed Terence
  1294 | D:2      | Reached XP level 6. HP: 59/61 MP: 5/5
  1352 | D:3      | Found a faded altar of an unknown god.
  1361 | D:3      | Found a shimmering blue altar of Sif Muna.
  1438 | D:3      | Found a glowing drain.
  1452 | Sewer    | Entered a sewer
  1575 | Sewer    | Reached skill level 5 in Unarmed Combat
  2296 | D:3      | Found a basalt altar of Yredelemnul.
  2640 | D:4      | Found Litot's Assorted Antiques.
  2640 | D:4      | Noticed Menkaure
  2658 | D:4      | Killed Menkaure
  2659 | D:4      | Reached XP level 7. HP: 18/70 MP: 6/6
  2715 | D:4      | Bought a scroll of identify for 54 gold pieces
  2745 | D:4      | Noticed Grinder
  2747 | D:4      | Found a stormy altar of Qazlal.
  2749 | D:4      | Paralysed by Grinder for 2 turns
  2760 | D:4      | Paralysed by Grinder for 2 turns
  2776 | D:4      | Killed Grinder
  2777 | D:4      | Reached skill level 6 in Unarmed Combat
  2810 | D:4      | Found Kayshrisa's Weapon Shop.
  2941 | D:4      | Reached skill level 5 in Shields
  2941 | D:4      | Reached XP level 8. HP: 79/79 MP: 7/7
  2978 | D:4      | Noticed Edmund
  2989 | D:4      | Killed Edmund
  2990 | D:4      | Reached skill level 7 in Unarmed Combat
  3131 | D:4      | Found a hide-covered altar of Uskayaw.
  3241 | D:5      | Entered Level 5 of the Dungeon
  3241 | D:5      | Noticed Blork the orc
  3251 | D:5      | Killed Blork the orc
  3372 | D:5      | Found a bloodstained altar of Trog.
  3458 | D:5      | Noticed Eustachio
  3465 | D:5      | Killed Eustachio
  3466 | D:5      | Reached skill level 5 in Fighting
  3532 | D:5      | Found a radiant altar of Vehumet.
  3532 | D:5      | Noticed Dowan
  3575 | D:5      | Reached skill level 8 in Unarmed Combat
  3589 | D:5      | Killed Dowan
  3662 | D:5      | Noticed Duvessa
  3673 | D:5      | Killed Duvessa
  3899 | D:5      | Identified the +5 dagger of the Heavens {drain, +Blink rF-
                  | rCorr}
  3940 | D:5      | Reached XP level 9. HP: 79/88 MP: 8/8
  4006 | D:5      | Found a glowing silver altar of Zin.
  4009 | D:5      | Found a shimmering altar of Xom.
  4009 | D:5      | Noticed an angel
  4213 | D:6      | Found a staircase to the Ecumenical Temple.
  4225 | Temple   | Entered the Ecumenical Temple
  4731 | D:6      | Reached skill level 9 in Unarmed Combat
  4899 | D:6      | Found a hazy altar of Hepliaklqana.
  5344 | D:7      | Found a sacrificial altar of Ru.
  5358 | D:7      | Found a sparkling altar of Nemelex Xobeh.
  5367 | D:7      | You fall into a shaft and drop 1 floor!
  5876 | D:8      | Found an opulent altar of Gozag.
  6206 | D:7      | Reached skill level 10 in Unarmed Combat
  6229 | D:7      | Found a white marble altar of Elyvilon.
  6351 | D:7      | Reached XP level 10. HP: 26/100 MP: 9/9
  6385 | D:7      | HP: 1/97 [yak (12)]
  6387 | D:7      | Slain by a yak

Illustrated notes

Levels and vault maps discovered:
D:1:      ncdulo_wetmaze, layout_basic, amcnicky_mini_pool_small
D:2:      layout_loops_ring, basic_altar, uniq_sigmund, uniq_natasha,
          uniq_terence
D:3:      layout_loops_corners, mainiacjoe_overflow_chevrons,
          nicolae_sif_muna_little_library, cheibrodos_sewer_entry_sluice,
          hellmonk_ecumenical_altar_run_dry
D:4:      layout_rooms, mainiacjoe_overflow_cross_hatched, lemuel_round_altar,
          serial_shops, nicolae_shop_overgrown_old_shop, shop,
          minmay_misc_feat_pillars, chequers_serial_rivers_small_a,
          uniq_grinder, uniq_edmund, uniq_menkaure
D:5:      layout_basic, grunt_temple_overflow_order_and_chaos_1,
          lemuel_crystal_altar, vehumet_crystals, uniq_duvessa, uniq_eustachio,
          uniq_blork_the_orc
D:6:      layout_basic, mainiacjoe_overflow_24_doors,
          minmay_temple_entry_stoned_glass
D:7:      layout_rooms, nemelex_xobeh_ov_fountains_minmay, elyvilon_altar_4,
          nicolae_ru_sacrificial_ziggurat, mainiacjoe_overflow_alcove_2,
          st_stairs_2
D:8:      layout_basic, grunt_gozag_breadcrumbs, minmay_misc_feat_x,
          nicolae_titane
Temple:   nicolae_temple_bog_church

Skill      XL: |  1  2  3  4  5  6  7  8  9 10 |
---------------+-------------------------------+-----
Fighting       | 3 4 5 6 |  6.5
Shields        | 3 4 5 6 7 |  7.1
Unarmed Combat | 4 5 6 8 10 | 10.4
Dodging        | 3 4 |  4.2

Action                   |  1- 3 |  4- 6 |  7- 9 | 10-12 || total
-------------------------+-------+-------+-------+-------++-------
Melee: Unarmed           |    48 |   231 |   293 |    32 ||   604
Evoke: Wand              |       |       |     2 |       ||     2
  Use: Scroll            |     3 |     5 |     2 |       ||    10
       Potion            |     1 |     1 |     7 |     3 ||    12
 Stab: Sleeping          |     1 |       |       |       ||     1
Armor: Robe              |    29 |    65 |    47 |     4 ||   145
Dodge: Dodged            |    19 |    69 |   115 |     3 ||   206
Block: Kite shield       |    18 |    60 |   113 |     7 ||   198
